AoeStats
← Lord_Wilfredo

Lombardia

508799142Analyzed
4v4 RM · 8d ago on Sep 24, 2026· 36m 26s· 8 players
Game mode
Random Map
Map size
Large (8 player)
Population
200
Speed
Normal
Resources
Standard
Victory
Conquest
Starting age
Dark Age
Ending age
Imperial Age
RankedLock teamsTeams togetherTeam positionsShared explorationLock speedFull tech treeHidden civsTurbo modeCheats
Victory
Defeat
🇺🇸 Burgundians · United States
1467
+10
🇳🇿 Danes · New Zealand
1387
+13
🇦🇷 Slavs · Argentina
1370
+14
🇺🇸 Japanese · United States
1199
+21
🇻🇳 Cumans · Vietnam
1351
-16
🇦🇷 Khmer · Argentina
1350
-16
🇦🇷 Spanish · Argentina
1340
-15
🇨🇳 Vikings · China
1244
-11
ReBeL_persi
9:33 Loom
11:19 Feudal Age
14:57 Castle Age
13:22 Double-Bit Axe
13:47 Horse Collar
15:55 Bow Saw
25:09 Coinage
24:40 Caravan
24:48 Gold Mining
24:54 Stone Mining
27:04 Wheelbarrow
27:28 Gold Shaft Mining
27:46 Heavy Plow
30:47 Stone Shaft Mining
30:57 Scale Barding Armor
31:03 Forging
31:07 Murder Holes
31:32 Ballistics
31:04 Fletching
31:52 Husbandry
32:36 Chain Barding Armor
32:35 Bloodlines
34:01 Iron Casting
34:15 Hand Cart
nguyenducminhhieu
1:02 Loom
11:00 Feudal Age
12:41 Wheelbarrow
11:52 Double-Bit Axe
15:20 Horse Collar
22:50 Castle Age
21:52 Gold Mining
23:10 Forging
23:05 Scale Barding Armor
22:56 Town Watch
23:57 Hand Cart
23:54 Bow Saw
23:48 Heavy Plow
24:48 Bloodlines
26:35 Town Patrol
30:26 Imperial Age
29:59 Iron Casting
29:45 Chain Barding Armor
30:43 Capped Ram
30:55 Cavalier
Lord_Wilfredo
3:23 Loom
10:12 Feudal Age
10:48 Double-Bit Axe
13:44 Forging
13:46 Bloodlines
15:30 Wheelbarrow
20:17 Castle Age
21:18 Horse Collar
22:20 Bow Saw
29:37 Hand Cart
32:05 Imperial Age
29:25 Town Watch
29:47 Scale Barding Armor
29:45 Husbandry
32:04 Iron Casting
35:50 Imperial Age
2263430749
3:03 Loom
12:06 Feudal Age
13:16 Horse Collar
22:41 Castle Age
27:01 Double-Bit Axe
27:22 Heavy Plow
27:47 Gold Mining
29:31 Bow Saw
30:40 Squires
32:40 Town Watch
35:48 Imperial Age
骑猪射箭
9:01 Feudal Age
9:09 Double-Bit Axe
9:08 Horse Collar
16:14 Castle Age
14:35 Bow Saw
17:48 Heavy Plow
17:56 Loom
21:46 Wheelbarrow
22:48 Crop Rotation
23:23 Two-Man Saw
22:18 Gold Mining
24:15 Stone Mining
25:01 Gold Shaft Mining
24:42 Hand Cart
29:02 Imperial Age
27:15 Scale Barding Armor
27:20 Forging
27:26 Town Watch
29:01 Chain Barding Armor
28:45 Husbandry
28:06 Cavalier
29:59 Iron Casting
30:25 Plate Barding Armor
30:28 Paladin
33:12 Blast Furnace
34:26 Conscription
twitch.tv/WatzTheDeal
3:49 Loom
12:10 Feudal Age
17:44 Castle Age
18:58 Wheelbarrow
24:59 Scale Mail Armor
25:33 Forging
25:11 Arson
25:35 Squires
28:05 Chain Mail Armor
28:26 Iron Casting
30:13 Fletching
31:16 Bodkin Arrow
31:43 Hand Cart
35:29 Imperial Age
33:31 Padded Archer Armor
33:36 Scale Barding Armor
33:13 Horse Collar
33:25 Gold Mining
33:26 Stone Mining
35:39 Capped Ram
35:42 Elite Samurai
36:54 Plate Mail Armor
37:24 Blast Furnace
ValkriaN
11:12 Feudal Age
12:37 Double-Bit Axe
15:25 Castle Age
13:29 Horse Collar
17:33 Bow Saw
23:13 Wheelbarrow
22:25 Loom
22:31 Loom
22:51 Heavy Plow
22:52 Stone Mining
24:15 Gold Mining
24:48 Hand Cart
26:44 Bloodlines
26:34 Husbandry
26:30 Gold Mining
28:32 Gold Shaft Mining
28:13 Forging
28:15 Scale Mail Armor
31:58 Imperial Age
29:51 Squires
30:46 Iron Casting
30:17 Scale Barding Armor
32:54 Chain Barding Armor
32:51 Chain Mail Armor
31:59 Pikeman
32:52 Heavy Scorpion
32:56 Halberdier
34:20 Plate Mail Armor
34:51 Blast Furnace
34:32 Ballistics
35:12 Chemistry
34:55 Capped Ram
37:14 Chain Barding Armor
37:16 Conscription
chestnutplace77
12:00 Feudal Age
13:15 Double-Bit Axe
15:42 Castle Age
14:42 Horse Collar
15:21 Loom
17:02 Bow Saw
17:24 Heavy Plow
22:20 Wheelbarrow
22:59 Arson
23:15 Squires
25:31 Scale Mail Armor
26:35 Forging
26:27 Gambesons
27:15 Chain Mail Armor
28:15 Iron Casting
28:54 Town Watch
38:28 Imperial Age
Connection lost

Rejoining the realm…

Still unreachable

The connection could not be restored.

Session expired

The server has moved on; the page needs a fresh start.